 Dungeon Crawl Stone Soup version 0.29.1-12-g30fa7ad0bf (webtiles) character file.

Game seed: 7226399639511264961

258 hawla the Firebug (level 6, 0/46 HPs)
             Began as a Meteoran Fire Elementalist on Jan 13, 2023.
             Slain by a crimson imp (1 damage)
             ... on level 4 of the Dungeon.
             The game lasted 00:07:25 (779 turns).

hawla the Firebug (Meteoran Fire Elementalist)       Turns: 779, Time: 00:07:26

Health: 0/46       AC:  3    Str: 10    XL:     6   Next: 68%
Magic:  6/12       EV: 13    Int: 18    God:
Gold:   73         SH:  0    Dex: 15    Spells: 5/12 levels left

rFire   . . .      SeeInvis .   o - +0 short sword
rCold   . . .      Faith    .   (no shield)
rNeg    . . .      Spirit   .   a - +0 robe
rPois   .          Reflect  .   (no helmet)
rElec   .          Harm     .   f - +0 cloak
rCorr   .          Rampage  .   (no gloves)
Will    +....                   (no boots)
Stlth   +.........              c - amulet of regeneration
HPRegen 0.15/turn               k - ring of willpower
MPRegen 0.13/turn               (no ring)

@: glowing
A: sense surroundings 1, otherworldly, glowing, explore regen
a: no special abilities


You were on level 4 of the Dungeon.
You visited 1 branch of the dungeon, and saw 5 of its levels.

You collected 73 gold pieces.

Inventory:

Hand Weapons
 o - a +0 short sword (weapon)
Armour
 a - a +0 robe (worn)
 f - a +0 cloak (worn)
Jewellery
 c - an amulet of regeneration (around neck)
 k - a ring of willpower (left hand)
Scrolls
 l - a scroll of amnesia {unknown}
 n - a scroll of identify
Potions
 b - 2 potions of magic
 d - 2 potions of might {unknown}
 e - a potion of lignification
 g - 2 potions of degeneration {unknown}
 i - 3 potions of curing {unknown}
 m - a potion of heal wounds {unknown}


   Skills:
 - Level 0.4 Fighting
 - Level 3.1 Dodging
 - Level 1.4 Stealth
 - Level 3.8 Spellcasting
 - Level 5.0 Conjurations
 - Level 5.1 Fire Magic


You had 5 spell levels left.
You knew the following spells:

 Your Spells              Type           Power      Damage    Failure   Level
a - Foxfire               Conj/Fire      84%        2x1d8     1%          1
b - Scorch                Fire           44%        2d7       2%          2
c - Flame Wave            Conj/Fire      21%        2d8       19%         4

Your spell library contained the following spells:

 Spells                   Type           Power      Damage    Failure   Level
 Conjure Flame            Conj/Fire      21%        6-21      5%          3
 Inner Flame              Hex/Fire       12%        N/A       16%         3


Dungeon Overview and Level Annotations

Branches:
Dungeon (5/15) Zot: 2218
 Temple: D:4-7

Altars:
Vehumet


Innate Abilities, Weirdness & Mutations

You passively map a small area around you.
You are easily found by Zot.
You glow in the dark.
You regain HP and MP as you explore.


Message History

You feel very sick.
You feel very sick.
You feel sick.
You feel sick. The crimson imp hits you.
* * * LOW HITPOINT WARNING * * *
You feel sick. The crimson imp hits you.
* * * LOW HITPOINT WARNING * * *
You feel sick.
The crimson imp hits you but does no damage.
You feel sick.
The crimson imp hits you but does no damage.
The crimson imp attacks as you move away!
The crimson imp hits you but does no damage.
You feel sick.
The crimson imp blinks!
You feel sick.
You feel sick.
You are no longer poisoned.
A crimson imp and a necrophage come into view.
Casting: Foxfire (safe; 1% risk of failure)
Confirm with . or Enter, or press ? or * to list all spells.
You can't see any susceptible monsters within range! (Use Z to cast anyway.)
Casting: Foxfire (safe; 1% risk of failure)
Confirm with . or Enter, or press ? or * to list all spells.
Flames lash the necrophage.
The necrophage is lightly damaged.
The necrophage's fire resistance burns away.
Casting: Scorch (safe; 2% risk of failure)
Confirm with . or Enter, or press ? or * to list all spells.
Flames lash the necrophage.
The necrophage is burned terribly!
The necrophage is severely damaged.
Casting: Scorch (safe; 2% risk of failure)
Confirm with . or Enter, or press ? or * to list all spells.
Flames lash the crimson imp.
The crimson imp completely resists.
The necrophage hits you.
* * * LOW HITPOINT WARNING * * *
Unknown command.
You hit the necrophage but do no damage.
The necrophage is heavily damaged.
The crimson imp hits you.
You die...

..........# ##...>.##.##....
..........#*######...#'#.....
..........# .................
.########## .######....5.....
. * , #.............. , ,,,
#.............. , . ,,
####.########## , ,
....#####.# , * #.....n@5.#
#..######## ,* * , , ,** ,* *
, ,


You could see a necrophage (combustible) and a crimson imp (inner flame).

Vanquished Creatures
  An ogre (D:4)
  A centaur (D:5)
  4 adders
  A gnoll (D:2)
  A worm (D:3)
  3 dart slugs
  An orc (D:4)
  5 ball pythons
  6 endoplasms
  3 goblins
  5 hobgoblins
  2 kobolds
  A quokka (D:3)
  4 bats
  5 rats
43 creatures vanquished.

Vanquished Creatures (others)
  116 foxfires
116 creatures vanquished.

Grand Total: 159 creatures vanquished

Notes
Turn   | Place    | Note
-------+----------+-------------------------------------------
     0 | D:1      | hawla the Meteoran Fire Elementalist began the quest for
                  | the Orb.
     0 | D:1      | Reached XP level 1. HP: 14/14 MP: 5/5
    70 | D:1      | Reached XP level 2. HP: 6/20 MP: 1/6
    73 | D:1      | Learned a level 2 spell: Scorch
   135 | D:2      | Reached XP level 3. HP: 10/26 MP: 2/8
   246 | D:2      | Reached XP level 4. HP: 27/33 MP: 3/9
   301 | D:2      | Learned a level 4 spell: Flame Wave
   381 | D:3      | Reached XP level 5. HP: 38/38 MP: 3/11
   513 | D:4      | Noticed an ogre
   515 | D:4      | Killed an ogre
   516 | D:4      | Reached XP level 6. HP: 45/45 MP: 8/12
   643 | D:4      | Found a radiant altar of Vehumet.
   649 | D:5      | Entered Level 5 of the Dungeon
   685 | D:5      | Noticed a centaur
   690 | D:5      | Killed a centaur
   691 | D:5      | Reached skill level 5 in Conjurations
   691 | D:5      | Reached skill level 5 in Fire Magic
   778 | D:4      | HP: 1/46 [necrophage (6)]
   779 | D:4      | Slain by a crimson imp

Illustrated notes

Levels and vault maps discovered:
D:1:      dpeg_arrival_orchard, layout_basic
D:2:      minmay_skewed_foursquare, layout_loops_ring, guppyfry_early_orc_mine
D:3:      layout_rooms, general_overflow_altar,
          hellmonk_ecumenical_altar_prayer_group, minivault_5,
          hangedman_decor_push, minmay_distorted
D:4:      layout_basic, grunt_temple_overflow_lords_of_destruction,
          nicolae_overflow_crystal_walls, uniq_edmund
D:5:      layout_rooms, serial_shops, nicolae_shop_advertising_works
          [nicolae_subvault_shop_adworks], serial_bayou_pond_e,
          minmay_statues_item

Skill      XL: |  1  2  3  4  5  6 |
---------------+-------------------+-----
Fire Magic     | 4 5 |  5.1
Spellcasting   | 3 |  3.8
Conjurations   | 2 4 5 |  5.0
Dodging        | 3 |  3.1
Fighting       | |  0.4
Stealth        | |  1.4

Action                   |  1- 3 |  4- 6 || total
-------------------------+-------+-------++-------
Melee: Unarmed           |     9 |    17 ||    26
       Short sword       |       |    24 ||    24
       Punch             |       |     1 ||     1
 Cast: Foxfire           |    26 |    44 ||    70
       Scorch            |     2 |    10 ||    12
       Flame Wave        |       |     1 ||     1
  Use: Scroll            |       |     4 ||     4
Armor: Robe              |     8 |    11 ||    19
Dodge: Dodged            |     6 |    24 ||    30
